 Dungeon Crawl Stone Soup version 0.28.0-53-g5a82cb258f (webtiles) character file.

Game seed: 1115212890620443056

2888 Infinimo the Destroyer (level 9, -8/45 HPs)
             Began as a Tengu Conjurer on June 5, 2022.
             Was an Initiate of Vehumet.
             Mangled by a two-headed ogre
             ... wielding a +0 giant club
              (28 damage)
             ... on level 8 of the Dungeon.
             The game lasted 00:13:39 (12505 turns).

Infinimo the Destroyer (Tengu Conjurer)            Turns: 12505, Time: 00:13:40

Health: -8/45      AC:  7    Str:  7    XL:     9   Next: 77%
Magic:  6/20       EV: 14    Int: 23    God:    Vehumet [......]
Gold:   254        SH:  0    Dex: 13    Spells: 17/22 levels left

rFire   . . .      SeeInvis .   k - +2 dagger (venom)
rCold   . . .      Faith    .   (no shield)
rNeg    . . .      Spirit   .   a - +0 robe
rPois   .          Reflect  .   (helmet restricted)
rElec   .          Harm     .   i - +0 cloak {Will+}
rCorr   +          Rampage  .   (no gloves)
Will    +....                   (boots unavailable)
Stlth   ++........              (no amulet)
HPRegen 0.15/turn               f - +4 ring of protection
MPRegen 0.17/turn               h - ring of resist corrosion

@: flying quickly and evasively, quick
A: beak, talons 3, nimble flight
a: Renounce Religion


You were on level 8 of the Dungeon.
You worshipped Vehumet.
Vehumet was noncommittal.
You visited 2 branches of the dungeon, and saw 9 of its levels.

You collected 254 gold pieces.

Inventory:

Hand Weapons
 k - a +2 dagger of venom (weapon)
 q - a +0 whip of electrocution
Armour
 a - a +0 robe (worn)
 i - a +0 cloak of willpower (worn)
Jewellery
 f - a +4 ring of protection (left hand)
 h - a ring of resist corrosion (right hand)
Wands
 d - a wand of paralysis (7)
 l - a wand of iceblast (6)
Scrolls
 b - 2 scrolls of torment
 g - 7 scrolls of identify
 m - 5 scrolls of noise {unknown}
 n - a scroll of summoning {unknown}
 o - a scroll of enchant weapon {unknown}
 p - a scroll of teleportation
 r - 2 scrolls of fear
 s - a scroll of silence {unknown}
 v - a scroll of enchant armour {unknown}
Potions
 c - 5 potions of curing
 e - 2 potions of might {unknown}
 j - a potion of resistance {unknown}
 t - a potion of mutation {unknown}
 u - a potion of flight {unknown}


   Skills:
 - Level 0.2 Fighting
 - Level 2.2 Dodging
 - Level 2.0 Stealth
 + Level 7.2 Spellcasting
 * Level 14.6 Conjurations


You had 17 spell levels left.
You knew the following spells:

 Your Spells              Type           Power      Damage    Failure   Level
a - Magic Dart            Conj           100%       1d8       1%          1
b - Iskenderun's Mystic   Conj/Tloc      42%        2d10      3%          4

Your spell library contained the following spells:

 Spells                   Type           Power      Damage    Failure   Level
 Searing Ray              Conj           100%       2d8       1%          2
 Dazzling Flash           Conj/Hex       84%        N/A       1%          3
 Fulminant Prism          Conj/Hex       21%        3d13      3%          4
 Corpse Rot               Necr/Air       16%        N/A       12%         2
 Ozocubu's Armour         Ice            8%         N/A       22%         3
 Dispel Undead            Necr           8%         3d8       58%         4
 Summon Forest            Summ/Tloc      4%         N/A       91%         5
 Summon Mana Viper        Hex/Summ       8%         N/A       91%         5
 Death Channel            Necr           4%         N/A       100%        6
 Summon Cactus Giant      Summ           4%         N/A       100%        6
 Ozocubu's Refrigeration  Ice            4%         4d5       100%        7


Dungeon Overview and Level Annotations

Branches:
Dungeon (8/15)             Temple (1/1) D:4
   Lair: D:8-11

Altars:
Dithmenos
Elyvilon
Fedhas
Gozag
Hepliaklqana
Kikubaaqudgha
Makhleb
Nemelex Xobeh
Okawaru
Qazlal
Ru
Uskayaw
Vehumet
Wu Jian
Xom
Yredelemnul
Zin
The Shining One
Jiyva

Shops:
D:1 [   D:4 =

Annotations:
D:2 1 runed translucent door, Crazy Yiuf
D:8 3 runed translucent doors, lawnmower's ghost, novice OpWz


Innate Abilities, Weirdness & Mutations

You have a beak for a mouth.
You have claws for feet.
Your magical nature lets you fly swiftly and evasively.


Message History

The two-headed ogre is moderately wounded.
The two-headed ogre is knocked back by the mystic blast.
Your magical contamination has completely faded away.
A gnoll comes into view. It is wielding a +0 club.
Casting: Iskenderun's Mystic Blast (dangerous; 3% risk of failure)
Confirm with . or Enter, or press ? or * to list all spells.
Aiming: Magic Dart (safe; 1% risk of failure)
Press: ? - help, Shift-Dir - straight line, f/p - two-headed ogre
Aim: a two-headed ogre, wielding two +0 giant clubs (lightly wounded, 100% to hit)
The magic dart hits the two-headed ogre.
The two-headed ogre is moderately wounded.
Found a stone staircase leading down.
Casting: Magic Dart (safe; 1% risk of failure)
Confirm with . or Enter, or press ? or * to list all spells.
Aiming: Magic Dart (safe; 1% risk of failure)
Press: ? - help, Shift-Dir - straight line, f/p - two-headed ogre
Aim: a two-headed ogre, wielding two +0 giant clubs (lightly wounded, 100% to hit)
The magic dart hits the two-headed ogre.
The two-headed ogre is lightly wounded.
Casting: Magic Dart (safe; 1% risk of failure)
Confirm with . or Enter, or press ? or * to list all spells.
You erupt in a blast of force!
The mystic blast hits the two-headed ogre but does no damage.
The two-headed ogre is lightly wounded.
Casting: Iskenderun's Mystic Blast (dangerous; 3% risk of failure)
Confirm with . or Enter, or press ? or * to list all spells.
You erupt in a blast of force!
The mystic blast hits the two-headed ogre!!
The two-headed ogre is heavily wounded.
The two-headed ogre barely misses you. x2
Casting: Iskenderun's Mystic Blast (dangerous; 3% risk of failure)
Confirm with . or Enter, or press ? or * to list all spells.
You erupt in a blast of force!
The mystic blast hits the two-headed ogre.
The two-headed ogre is heavily wounded.
The two-headed ogre is knocked back by the mystic blast.
The two-headed ogre closely misses you.
The two-headed ogre hits you with a +0 giant club!!
Ouch! That really hurt!
You die...

..............#...# .. #
..........#..##....
..........#..##... ..#..
..........#..##..........
..........#..##......#...
..........#..##..##......
..........#..##...##..##.
..........#...#...##...#.
........@.##..#....##....
.........O..#.##...O.....
..........|.#...#....#.#.
............#...##....##.
.................##.....#
###########.......##.....
#........##.#..
#.....#...###.#
#####....#.....#.


You could see a two-headed ogre.

Vanquished Creatures
  A wyvern (D:8)
  3 yaks
  A black bear (D:4)
  2 necrophages
  An ice beast (D:5)
  5 ogres
  4 phantoms
  A centaur (D:5)
  A bullfrog (D:6)
  A scorpion (D:5)
  3 wights (D:6)
  3 howler monkeys
  2 centaur skeletons (D:6)
  5 jellies
  A hound (D:7)
  9 iguanas
  2 orc wizards
  A hound skeleton (D:4)
  A howler monkey skeleton (D:6)
  11 adders
  A white imp (D:8)
  An adder skeleton (D:4)
  24 orcs
  8 ball pythons
  7 bats
  3 endoplasms
  4 giant cockroaches
  5 goblins
  4 hobgoblins
  9 jackals
  9 kobolds
  4 quokkas
  A frilled lizard (D:1)
  6 rats (D:1)
144 creatures vanquished.

Notes
Turn   | Place    | Note
-------+----------+-------------------------------------------
     0 | D:1      | Infinimo the Tengu Conjurer began the quest for the Orb.
     0 | D:1      | Reached XP level 1. HP: 10/10 MP: 4/4
   278 | D:1      | Reached XP level 2. HP: 15/15 MP: 4/6
   300 | D:1      | Found Coow's Antique Armour Boutique.
   619 | D:1      | Reached skill level 6 in Conjurations
   657 | D:1      | Reached XP level 3. HP: 19/19 MP: 4/7
  2026 | D:2      | Found a faded altar of an unknown god.
  2235 | D:2      | Reached XP level 4. HP: 24/24 MP: 4/9
  2445 | D:2      | Found a runed translucent door.
  2446 | D:2      | Noticed Crazy Yiuf
  2675 | D:3      | Noticed a phantom
  3048 | D:2      | Learned a level 4 spell: Iskenderun's Mystic Blast
  3185 | D:3      | Killed a phantom
  3186 | D:3      | Reached skill level 7 in Conjurations
  3186 | D:3      | Gained mutation: Your magical nature lets you fly swiftly
                  | and evasively. [Tengu growth]
  3186 | D:3      | Reached XP level 5. HP: 11/28 MP: 0/10
  4318 | D:3      | Reached skill level 8 in Conjurations
  4445 | D:3      | Reached XP level 6. HP: 32/32 MP: 7/12
  4797 | D:4      | Found a staircase to the Ecumenical Temple.
  4929 | D:4      | Found an iron altar of Okawaru.
  5088 | D:4      | Noticed a necrophage
  5123 | D:4      | Killed a necrophage
  5438 | D:4      | Reached skill level 9 in Conjurations
  5609 | D:4      | Noticed a black bear
  5709 | D:4      | Killed a black bear
  5710 | D:4      | Reached XP level 7. HP: 36/36 MP: 8/14
  5907 | D:4      | Found Edoef's Jewellery Shoppe.
  6511 | Temple   | Entered the Ecumenical Temple
  6603 | Temple   | Became a worshipper of Vehumet
  6638 | D:5      | Entered Level 5 of the Dungeon
  6681 | D:5      | Reached skill level 10 in Conjurations
  7130 | D:5      | Reached skill level 5 in Spellcasting
  7130 | D:5      | Reached XP level 8. HP: 32/41 MP: 3/16
  7427 | D:5      | Reached skill level 11 in Conjurations
  7523 | D:5      | Identified the +4 mace "Ruquph" {drain, *Noise rPois rN+
                  | Will+}
  7943 | D:5      | Reached skill level 12 in Conjurations
  9080 | D:6      | Found a sacrificial altar of Ru.
  9446 | D:6      | Reached XP level 9. HP: 33/45 MP: 16/19
  9530 | D:6      | You are sucked into a shaft and drop 1 floor!
  9724 | D:6      | Reached skill level 13 in Conjurations
 10204 | D:6      | Noticed a komodo dragon
 11811 | D:8      | Reached skill level 14 in Conjurations
 12336 | D:8      | Found a runed translucent gate.
 12336 | D:8      | Found a runed translucent gate.
 12336 | D:8      | Found a runed translucent gate.
 12339 | D:8      | Noticed lawnmower's ghost (novice OpWz)
 12343 | D:8      | Found a viscous altar of Jiyva.
 12428 | D:8      | Noticed a two-headed ogre
 12505 | D:8      | Mangled by a two-headed ogre

Illustrated notes

Levels and vault maps discovered:
D:1:      dpeg_arrival_boxorama, layout_basic, serial_shops,
          nicolae_shop_behind_doors
D:2:      layout_loops_ring, ebering_ecumenical_altar_abandoned,
          grunt_decor_junction, nicolae_figureground_sparkle,
          uniq_crazy_yiuf_cottage
D:3:      layout_basic, roderic_lattice_a
D:4:      layout_loops_ring, marbit_many_paths, temple_statues,
          kennysheep_windowed_goal
D:5:      minmay_inner_zag, layout_basic
D:6:      layout_loops_ring, mainiacjoe_overflow_surrounded_room
D:7:      layout_basic, serial_bayou_pond_d, minmay_misc_feat_cross
D:8:      hellmonk_ruined_rings, layout_basic, lair_entry_dummy,
          gammafunk_ghost_ooze
Temple:   compressed_dpeg_circular_temple

Skill      XL: |  1  2  3  4  5  6  7  8  9 |
---------------+----------------------------+-----
Conjurations   | 6 7 8 9 10 12 14 | 14.6
Spellcasting   | 3 4 5 6 7 |  7.2
Fighting       | |  0.2
Dodging        | |  2.2
Stealth        | |  2.0

Action                   |  1- 3 |  4- 6 |  7- 9 || total
-------------------------+-------+-------+-------++-------
Melee: Unarmed           |       |    10 |       ||    10
       Kick              |       |     1 |    13 ||    14
       Peck              |       |     1 |     6 ||     7
       Punch             |       |     1 |       ||     1
       Dagger            |       |       |    31 ||    31
 Cast: Magic Dart        |    58 |   156 |   331 ||   545
       Iskenderun's Myst |       |       |    33 ||    33
  Use: Scroll            |       |     7 |       ||     7
       Potion            |       |       |     1 ||     1
Armor: Robe              |       |     7 |    21 ||    28
Dodge: Dodged            |     2 |    38 |    72 ||   112
